 Dungeon Crawl Stone Soup version 0.31-a0-549-gf98fd537a9 (webtiles) character file.

Game seed: 6873393054249579353

199 AdnanSaban the Trooper (level 5, -4/34 HPs)
             Began as a Gargoyle Fighter on Aug 16, 2023.
             Slain by an orc
             ... wielding a +1 war axe of pain
              (10 damage)
             ... on level 4 of the Dungeon.
             The game lasted 00:02:18 (2678 turns).

AdnanSaban the Trooper (Gargoyle Fighter)           Turns: 2678, Time: 00:02:19

Health: -4/34      AC: 13    Str: 21    XL:     5   Next: 77%
Magic:  5/5        EV:  9    Int:  6    God:
Gold:   160        SH:  4    Dex:  9    Spells: 4/4 levels left

rFire   + + +        a - +0 flail
rCold   + . .        c - +0 buckler
rNeg    + . .        b - +0 scale mail
rPois   ∞            (no helmet)
rElec   +            (no cloak)
rCorr   .            f - +1 pair of gloves
SInv    .            (no boots)
Will    .....        p - amulet "Uwkuv" {Acrobat Harm rF+++ rC+ Int-3} Stlth
                     (no ring)
HPRegen 0.25/turn    (no ring)
MPRegen 0.09/turn

%: harm (+30% outgoing, +20% incoming), acrobat
@: no status effects
A: sickness immunity, AC +4, negative energy resistance 1, electricity
resistance, torment resistance 1, petrification resistance
a: no special abilities


You were on level 4 of the Dungeon.
You visited 1 branch of the dungeon, and saw 5 of its levels.

You collected 160 gold pieces.

Inventory:

Hand Weapons
 a - a +0 flail (weapon)
Armour
 b - a +0 scale mail (worn)
 c - a +0 buckler (worn)
 f - a +1 pair of gloves (worn)
 u - a +0 kite shield
Jewellery
 j - a +6 ring of intelligence
 p - the amulet "Uwkuv" (around neck) {Acrobat Harm rF+++ rC+ Int-3}
   (You found it on level 3 of the Dungeon)

   [amulet of the acrobat]

   Acrobat:   It increases your evasion while moving and waiting.
   Int-3:     It affects your intelligence (-3).
   rF+++:     It renders you almost immune to fire.
   rC+:       It protects you from cold.
   Harm:      It increases damage dealt and taken.
Scrolls
 g - 2 scrolls of teleportation {unknown}
 h - 2 scrolls of enchant armour {unknown}
 i - 2 scrolls of enchant weapon {unknown}
 k - 2 scrolls of identify {unknown}
 r - a scroll of poison {unknown}
 s - a scroll of amnesia {unknown}
 t - a scroll of revelation {unknown}
Potions
 d - 2 potions of might
 e - a potion of enlightenment {unknown}
 l - 2 potions of brilliance {unknown}
 m - a potion of experience {unknown}
 n - a potion of invisibility {unknown}
 o - a potion of curing {unknown}
 q - a potion of degeneration {unknown}


   Skills:
 + Level 4.3 Fighting
 + Level 3.6 Maces & Flails
 + Level 4.3 Armour
 + Level 0.3 Dodging
 + Level 0.1 Stealth
 + Level 4.1 Shields


You had 4 spell levels left.
You didn't know any spells.
Your spell library contained the following spells:

 Spells                   Type           Power      Damage    Failure   Level
 Ensorcelled Hibernation  Hex/Ice        0%         N/A       94%         2
 Passwall                 Tmut/Erth      0%         N/A       94%         2
 Inner Flame              Hex/Fire       0%         N/A       99%         3
 Swiftness                Air            0%         N/A       99%         3
 Flame Wave               Conj/Fire      0%         2d4       100%        4
 Sticky Flame             Conj/Fire      0%         2d3       100%        4


Dungeon Overview and Level Annotations

Branches:
Dungeon (5/15)
 Temple: D:4-7

Altars:

Shops:
D:2 !*(*:

Annotations:
D:5 1 transporter, Prince Ribbit


Innate Abilities, Weirdness & Mutations

You are immune to sickness and miasma.
Your stone body is resilient. (AC +4)
You are immune to poison.
You resist negative energy. (rN+)
You are resistant to electric shocks. (rElec)
You are resistant to unholy torment.
You are immune to petrification.


Message History

The orc is almost dead.
The orc hits you with a +1 war axe of pain.
* * * LOW HITPOINT WARNING * * *
You barely miss the orc.
The orc is almost dead.
The orc barely misses you. The orc hits you but does no damage.
You barely miss the orc.
The orc is severely wounded.
The orc hits you with a +1 war axe of pain.
* * * LOW HITPOINT WARNING * * *
The orc attacks as you move away! The orc barely misses you.
The orc attacks as you move away! The orc misses you.
The orc attacks as you move away! The orc barely misses you.
The orc attacks as you move away!
The orc hits you with a +1 war axe of pain.
* * * LOW HITPOINT WARNING * * *
You hear the rusting of a distant drain.
The orc attacks as you move away! The orc hits you but does no damage.
The orc attacks as you move away! The orc misses you.
The orc attacks as you move away! The orc closely misses you.
The orc attacks as you move away! The orc completely misses you.
The orc attacks as you move away! The orc closely misses you.
The orc attacks as you move away! You block the orc's attack.
The orc attacks as you move away! The orc misses you.
There is a stone staircase leading up here.
The orc barely misses you.
You climb upwards.
There is a stone staircase leading down here.
You barely miss the orc.
The orc is heavily wounded.
The orc hits you but does no damage.
You completely miss the orc.
The orc is heavily wounded.
The orc barely misses you.
The orc hits you with a +1 war axe of pain.
* * * LOW HITPOINT WARNING * * *
You barely miss the orc.
The orc is heavily wounded.
The orc hits you with a +1 war axe of pain!
You die...

#..........# #####
#..........########....
########..........#...........
#.................#...........
#.###.........................
#.# #.##......................
#.# #.##......................
#.# #.##......o...............
#.# #.##.....@..(.............
#.# #.##......................
#.# #.##......................
#.###.##......................
#.#......####+#...............
#.#......####.#...............
#.#...........................
#.#...........................
#.###..../....................


You could see an orc.

Vanquished Creatures
  An ice beast (D:4)
  An orc wizard (D:5)
  3 adders
  3 worms
  2 dart slugs
  7 bats
  2 endoplasms (D:1)
  A giant cockroach (D:2)
  4 goblins
  2 hobgoblins
  4 jackals (D:1)
  4 quokkas
  2 ball pythons
  A frilled lizard (D:2)
  4 kobolds
  3 rats
44 creatures vanquished.

Notes
Turn   | Place    | Note
-------+----------+-------------------------------------------
     0 | D:1      | AdnanSaban the Gargoyle Fighter began the quest for the
                  | Orb.
     0 | D:1      | Reached XP level 1. HP: 14/14 MP: 1/1
    75 | D:1      | Reached XP level 2. HP: 14/19 MP: 2/2
   382 | D:2      | Found Munushru's Assorted Antiques.
   457 | D:2      | Found Foinlat's Book Emporium.
   464 | D:2      | Reached XP level 3. HP: 21/24 MP: 3/3
   622 | D:2      | Found Waocs's Assorted Antiques.
   782 | D:2      | Found Voajog's Distillery.
   898 | D:2      | Found Maogim's Antique Weapon Shoppe.
  1343 | D:3      | Identified the amulet "Uwkuv" {Acrobat Harm rF+++ rC+
                  | Int-3}
  1685 | D:3      | Reached XP level 4. HP: 27/29 MP: 4/4
  1876 | D:4      | Noticed an ice beast
  1884 | D:4      | Killed an ice beast
  1885 | D:4      | Reached XP level 5. HP: 27/33 MP: 5/5
  2468 | D:5      | Entered Level 5 of the Dungeon
  2494 | D:5      | Noticed Prince Ribbit
  2564 | D:5      | Found a transporter.
  2678 | D:4      | Slain by an orc

Illustrated notes

Levels and vault maps discovered:
D:1:      sevenhm_arrival_forest_fort_small_6, layout_rooms, st_stairs_6
D:2:      minmay_evil_eye, layout_loops_ring, serial_shops, shop,
          nicolae_lakefront_shop, shop_statue, shop,
          nicolae_shop_industrial_runoff
D:3:      layout_basic
D:4:      layout_basic, wad_floor_pattern_2
D:5:      layout_rooms, led_sif_book, portal_sewer_entry_b,
          gammafunk_ghost_stat_death, minivault_23, nicolae_titane,
          uniq_prince_ribbit1

Skill      XL: |  1  2  3  4 |
---------------+-------------+-----
Fighting       | 4 |  4.3
Maces & Flails | 3 |  3.6
Armour         | 4 |  4.3
Shields        | 4 |  4.1
Dodging        | |  0.3
Stealth        | |  0.1

Action                     |  1- 3 |  4- 6 || total
---------------------------+-------+-------++-------
  Melee: Flail             |   130 |    60 ||   190
 Armour: Scale mail        |    91 |    36 ||   127
  Dodge: Dodged            |    94 |    21 ||   115
  Block: Buckler           |    33 |    10 ||    43

Table legend: (Time is in decaauts)
 A = Elapsed time spent in this place.
 B = Non-inter-level travel time spent in this place.
 C = Inter-level travel time spent in this place.
 D = Time resting spent in this place.
 E = Time spent auto-exploring this place.
 F = Levels seen in this place.
 G = Mean time per level.
                   A        B        C        D        E       F      G
               +--------+--------+--------+--------+--------+-----+--------+
         Total |   2737 |   2606 |    131 |      0 |   2120 |   5 |  547.4 |
       Dungeon |   2737 |   2606 |    131 |      0 |   2120 |   5 |  547.4 |
               +--------+--------+--------+--------+--------+-----+--------+

Top non-repeatable levels by time:
     D:3: 794 daAuts
     D:4: 730 daAuts
     D:2: 695 daAuts
     D:1: 396 daAuts
     D:5: 122 daAuts
